 Dungeon Crawl Stone Soup version bcrawl-1.29.2 (console) character file.

Game seed: 5192053630398727648

225063 GodsVoicemail the Digger (level 9, -9/58 HPs)
             Began as an Octopode Earth Elementalist on Mar 4, 2021.
             Was an Initiate of Gozag.
             Mangled by a yak (10 damage)
             ... on level 6 of the Dungeon.
             The game lasted 00:54:32 (8824 turns).

GodsVoicemail the Digger (OpEE)                     Turns: 8824, Time: 00:54:33

Health: -9/58      AC:  1    Str: 12    XL:     9   Next: 86%
Magic:  2/18       EV: 18    Int: 23    God:    Gozag
Gold:   1332       SH:  0    Dex: 12    Spells: 8/20 levels left

rFire    . . .     SeeInvis +   a - +7 club
rCold    + . .     Gourm    .   (no shield)
rNeg     . . .     Faith    .   (helmet restricted)
rPois    .         Spirit   .   (cloak restricted)
rElec    .         Reflect  .   (no amulet)
rCorr    .         Harm     .   o - ring of protection from fire
MR       .....                  p - +4 ring of evasion
Stlth    ++++......             F - ring of see invisible
HPRegen  0.19/turn              D - ring of flight
MPRegen  0.16/turn              E - ring of the Open Hand {Ice Int+3}
                                (no ring)
                                (no ring)
                                (no ring)

@: gold aura
A: almost no armour, stealthy swim, amphibious, 8 rings, constrict 8, camouflage
1, blurry vision 1, strong 2, gelatinous body 1
a: Potion Petition, Call Merchant, Bribe Branch, Renounce Religion, Evoke Flight


You were on level 6 of the Dungeon.
You worshipped Gozag.
Gozag was most pleased with you.
You were very hungry.

You visited 1 branch of the dungeon, and saw 8 of its levels.

You collected 1368 gold pieces.
You paid 36 gold pieces to Gozag.

Inventory:

Hand Weapons
 a - a +7 club (weapon)
 n - a +0 hunting sling
Missiles
 b - 881 stones
 g - 793 sling bullets
 m - 192 poisoned needles
 y - 1228 arrows
 A - 267 poisoned tomahawks (quivered)
Jewellery
 o - a ring of protection from fire (left tentacle)
 p - a +4 ring of evasion (right tentacle)
 s - an uncursed ring of ice
 w - an uncursed ring of fire
 D - a ring of flight (on tentacle)
 E - the ring of the Open Hand (on tentacle) {Ice Int+3}
   (You found it on level 5 of the Dungeon)

   [ring of ice]

   It enhances your ice magic.
   It affects your intelligence (+3).
   It makes you vulnerable to fire.
   It protects you from cold.
 F - a ring of see invisible (on tentacle)
Wands
 x - a wand of polymorph (13)
 z - a wand of paralysis (4)
Scrolls
 d - 6 scrolls of remove curse
 f - 3 scrolls of enchant weapon
 i - 6 scrolls of identify
 l - a scroll of fear
 q - 6 scrolls of teleportation
 t - 2 scrolls of immolation
 B - 2 scrolls of noise
Potions
 c - 2 potions of degeneration {unknown}
 h - 3 potions of flight
 j - 2 potions of mutation
 k - 2 potions of might {unknown}
 r - a potion of resistance {unknown}
 C - a potion of invisibility {unknown}
 H - a potion of haste {unknown}
 I - a potion of agility {unknown}
 J - a potion of experience {unknown}
Comestibles
 e - 7 rations {!d}


   Skills:
 + Level 4.0 Fighting
 - Level 2.0 Throwing
 + Level 3.6 Dodging
 + Level 6.8 Stealth
 * Level 6.4 Spellcasting
 * Level 3.5 Necromancy
 - Level 2.0 Transmutations
 - Level 1.0 Air Magic
 + Level 7.6 Earth Magic
 - Level 2.0 Poison Magic
 + Level 3.0 Evocations


You had 8 spell levels left.
You knew the following spells:

 Your Spells              Type           Power        Failure   Level  Hunger
a - Sandblast             Erth           #####.       1%          1    None
b - Stone Arrow           Conj/Erth      ###...       4%          3    #......
c - Passwall              Tmut/Erth      ####....     1%          2    None
d - Animate Skeleton      Necr           N/A          1%          1    None
e - Blink                 Tloc           N/A          12%         2    None
f - Mephitic Cloud        Conj/Pois/Air  ##......     16%         3    #......

Your spell library contained the following spells:

 Spells                   Type           Power        Failure   Level  Hunger
 Pain                     Necr           ###...       1%          1    None
 Vampiric Draining        Necr           ###.......   6%          3    #......
 Magic Dart               Conj           #...         9%          1    None
 Lee's Rapid Deconstruct  Erth           #####.....   10%         5    #####..
 Spider Form              Tmut/Pois      ###          11%         3    #......
 Petrify                  Tmut/Erth      ####......   11%         4    ####...
 Call Imp                 Summ           #.....       12%         2    None
 Agony                    Necr           ###.....     19%         4    ####...
 Animate Dead             Necr           N/A          19%         4    ####...
 Conjure Flame            Conj/Fire      #.......     24%         3    #......
 Dispel Undead            Necr           ###.....     47%         5    #####..


Dungeon Overview and Level Annotations

Branches:
Dungeon (8/12)             Temple (0/1) D:5            Lair (0/6) D:8
    Orc: D:8-11

Altars:
Cheibriados
Elyvilon
Gozag
Hepliaklqana
Nemelex Xobeh
Trog
Vehumet
Xom
Zin
The Shining One

Shops:
D:4 (}   D:7 (

Annotations:
D:2 exclusion: worker ant, Terence
D:5 Grinder
D:6 exclusions: water moccasin and yak
D:8 1 exclusion


Innate Abilities, Weirdness & Mutations

You cannot wear most types of armour.
You are very stealthy in the water. (Stealth+)
You are amphibious.
You can wear up to eight rings at the same time.
You can use your tentacles to constrict eight enemies at once.
Your skin changes colour to match your surroundings (Stealth+).
Your rubbery body absorbs attacks. (AC +1, EV +1)
Scrolls take you a little longer to read.
Your muscles are very strong. (Str +4)


Message History

The yak gores you.
Casting: Stone Arrow (safe; 4% risk of failure)
Confirm with . or Enter, or press ? or * to list all spells.
Aiming: Stone Arrow (safe; 4% risk of failure)
Press: ? - help, Shift-Dir - straight line, f/p - yak
Aim: a yak The stone arrow hits the yak.
The yak is lightly wounded.
The yak gores you!
* * * LOW HITPOINT WARNING * * *
Casting: Stone Arrow (safe; 4% risk of failure)
Confirm with . or Enter, or press ? or * to list all spells.
Aiming: Passwall (safe; 1% risk of failure)
Press: ? - help, Dir - move target cursor, p - yak The yak gores you!
* * * LOW HITPOINT WARNING * * *
You begin to meditate on the wall.
You continue meditating on the barrier.
The yak gores you!
You die...
Your body crumbles into a pile of gold.

######## #...YY@#
####### #.###########
#...... #$#
#....#####.#####
#Y######.#......#.#
#.....##.#..###.#.#####
#.....##.#....#.#......
##.....##.#.#.....#####.
#..#......#.#..#..# #...
#.####.######..#..# #.#.


You could see 2 yaks.

Vanquished Creatures
  A dream sheep (D:5)
  5 yaks
  A hungry ghost (D:8)
  A sky beast (D:4)
  A necrophage (D:7)
  4 centaurs
  5 ogres
  A big kobold (D:7)
  A scorpion (D:4)
  3 wights (D:7)
  4 howler monkeys (D:8)
  An electric eel (D:8)
  3 crimson imps
  3 centaur zombies
  5 hounds
  An orc priest (D:6)
  3 orc wizards
  Jessica (D:2)
  2 iguanas
  A worker ant (D:7)
  A hound zombie (D:7)
  A worker ant zombie (D:6)
  6 adders
  2 shadow imps
  3 oozes
  An adder zombie (D:6)
  3 adder skeletons
  6 worms
  6 dart slugs
  4 leopard geckos
  20 orcs
  2 ball pythons
  5 bats
  3 giant cockroaches (D:1)
  3 goblins (D:2)
  11 hobgoblins
  7 quokkas
  A frilled lizard (D:1)
  A jackal skeleton (D:5)
  13 kobolds
  3 rats (D:2)
149 creatures vanquished.

Vanquished Creatures (others)
  4 dream sheep (D:5)
  21 plants (D:8)
25 creatures vanquished.

Grand Total: 174 creatures vanquished

Notes
Turn   | Place    | Note
-------+----------+-------------------------------------------
     0 | D:1      | GodsVoicemail the Octopode Earth Elementalist began the
                  | quest for the Orb.
     0 | D:1      | Reached XP level 1. HP: 11/11 MP: 3/3
   196 | D:1      | Gained mutation: Your muscles are strong. (Str +2) [potion
                  | of mutation]
   196 | D:1      | Gained mutation: Scrolls take you a little longer to read.
                  | [potion of mutation]
   196 | D:1      | Gained mutation: Your muscles are very strong. (Str +4)
                  | [potion of mutation]
   330 | D:1      | Reached XP level 2. HP: 17/17 MP: 1/5
   693 | D:1      | Reached skill level 4 in Earth Magic
   810 | D:1      | Reached XP level 3. HP: 19/21 MP: 4/6
  1227 | D:2      | Found a sparkling altar of Nemelex Xobeh.
  1227 | D:2      | Found an opulent altar of Gozag.
  1248 | D:2      | Became a worshipper of Gozag Ym Sagoz the Greedy
  1305 | D:2      | Found a radiant altar of Vehumet.
  1305 | D:2      | Found a bloodstained altar of Trog.
  1307 | D:2      | Found a snail-covered altar of Cheibriados.
  1395 | D:2      | Reached XP level 4. HP: 27/27 MP: 7/7
  1563 | D:2      | Learned a level 2 spell: Passwall
  1567 | D:2      | Learned a level 3 spell: Stone Arrow
  1735 | D:2      | Noticed Jessica
  1741 | D:2      | Killed Jessica
  1979 | D:2      | Found a white marble altar of Elyvilon.
  2174 | D:2      | Reached skill level 5 in Earth Magic
  2174 | D:2      | Reached XP level 5. HP: 31/31 MP: 7/9
  2251 | D:2      | Noticed Terence
  3701 | D:4      | Reached XP level 6. HP: 37/37 MP: 8/11
  3744 | D:4      | Found Gudyrio Ynwa's Gadget Shop.
  3832 | D:4      | Found Bareisua's Weapon Boutique.
  3909 | D:4      | Noticed a sky beast
  3920 | D:4      | Killed a sky beast
  3921 | D:4      | Reached skill level 1 in Fighting
  4367 | D:4      | Found a hazy altar of Hepliaklqana.
  4380 | D:4      | Found a glowing silver altar of Zin.
  4584 | D:5      | Entered Level 5 of the Dungeon
  4623 | D:5      | Reached XP level 7. HP: 44/44 MP: 5/13
  4640 | D:5      | Noticed a dream sheep
  4640 | D:5      | Noticed a dream sheep
  4640 | D:5      | Noticed a dream sheep
  4640 | D:5      | Noticed a dream sheep
  4640 | D:5      | Noticed a dream sheep
  4640 | D:5      | Found a shimmering altar of Xom.
  4645 | D:5      | Killed a dream sheep
  4645 | D:5      | Killed a dream sheep
  4645 | D:5      | Killed a dream sheep
  4646 | D:5      | Killed a dream sheep
  4646 | D:5      | Killed a dream sheep
  4738 | D:5      | Found a glowing golden altar of the Shining One.
  4778 | D:5      | Reached skill level 6 in Earth Magic
  4893 | D:5      | Got a heavily runed silver ring
  4894 | D:5      | Identified the ring of the Open Hand {Ice Int+3} (You found
                  | it on level 5 of the Dungeon)
  5073 | D:5      | Found a staircase to the Ecumenical Temple.
  5392 | D:5      | Noticed Grinder
  5446 | D:6      | Noticed a yak
  5696 | D:6      | Reached XP level 8. HP: 51/51 MP: 11/15
  5787 | D:6      | Reached skill level 5 in Stealth
  5787 | D:6      | Reached skill level 5 in Spellcasting
  6404 | D:7      | Reached skill level 7 in Earth Magic
  6470 | D:7      | Reached skill level 1 in Throwing
  6470 | D:7      | Reached skill level 1 in Evocations
  6645 | D:7      | Found a snail-covered altar of Cheibriados.
  6663 | D:7      | Identified a scroll of acquirement
  6663 | D:7      | Identified the ring "Suitzik" {*Contam +Inv +Fly rCorr}
                  | (You acquired it on level 7 of the Dungeon)
  6669 | D:7      | Learned a level 1 spell: Animate Skeleton
  6933 | D:6      | Noticed a yak
  6933 | D:6      | Noticed a yak
  6954 | D:6      | Reached skill level 1 in Necromancy
  6981 | D:7      | Found Naunke Nuru's Antique Weapon Emporium.
  7058 | D:7      | Reached XP level 9. HP: 54/57 MP: 10/17
  7494 | D:8      | Learned a level 2 spell: Blink
  7498 | D:8      | Learned a level 3 spell: Mephitic Cloud
  7527 | D:8      | Found a staircase to the Lair.
  7529 | D:8      | Noticed a komodo dragon
  7889 | D:8      | Noticed a troll
  7959 | D:8      | Reached skill level 1 in Poison Magic
  8113 | D:8      | Reached skill level 1 in Air Magic
  8823 | D:6      | HP: 1/58 [yak (17)]
  8824 | D:6      | Mangled by a yak

Skill      XL: |  1  2  3  4  5  6  7  8  9 |
---------------+----------------------------+-----
Earth Magic    | 4 5 6 7 |  7.6
Spellcasting   | 3 4 5 6 |  6.4
Fighting       | 1 2 3 4 |  4.0
Transmutations | 2 |  2.0
Stealth        | 4 5 6 |  6.8
Throwing       | 1 2 |  2.0
Evocations     | 1 3 |  3.0
Necromancy     | 1 3 |  3.5
Dodging        | 3 |  3.6
Poison Magic   | 2 |  2.0
Air Magic      | 1 |  1.0

Action                   |  1- 3 |  4- 6 |  7- 9 || total
-------------------------+-------+-------+-------++-------
Melee: Unarmed           |    16 |       |       ||    16
       Constrict         |    15 |    20 |    15 ||    50
       Tentacles         |    12 |    14 |    22 ||    48
       Club              |     1 |    45 |    87 ||   133
       Dagger            |    33 |    22 |       ||    55
Throw: Tomahawk          |       |     2 |     1 ||     3
 Cast: Sandblast         |    22 |    40 |    75 ||   137
       Stone Arrow       |       |       |    26 ||    26
       Passwall          |       |       |     2 ||     2
       Blink             |       |       |     1 ||     1
Evoke: Wand              |       |     1 |       ||     1
  Use: Potion            |     1 |       |     4 ||     5
       Scroll            |       |       |    11 ||    11
 Stab: Sleeping          |     4 |    11 |     3 ||    18
       Distracted        |       |     2 |     1 ||     3
       Paralysed         |       |     1 |       ||     1
  Eat: Chunk             |     3 |       |       ||     3
       Ration            |       |     3 |     5 ||     8
Armor: Skin              |     2 |     3 |     2 ||     7
Dodge: Dodged            |    27 |    36 |   102 ||   165
